 Dungeon Crawl Stone Soup version 0.21-a0-538-gd16b88a (webtiles) character file.

220 tilp the Archer (level 5, -1/46 HPs)
             Began as a Centaur Hunter on Dec 15, 2017.
             Slain by a wraith (10 damage)
             ... in an ossuary.
             The game lasted 00:13:12 (3721 turns).

tilp the Archer (Centaur Hunter)                    Turns: 3721, Time: 00:13:12

Health: -1/46      AC: 10    Str: 19    XL:     5   Next: 64%
Magic:  5/5        EV:  5    Int: 10    God:
Gold:   134        SH:  0    Dex:  9    Spells: 4/4 levels left

rFire    . . .     SeeInvis .   b - +0 morningstar
rCold    . . .     Gourm    .   (no shield)
rNeg     . . .     Faith    +   C - +0 chain mail
rPois    .         Spirit   .   (no helmet)
rElec    .         Reflect  .   (no cloak)
rCorr    .         Harm     .   n - +2 pair of gloves
MR       .....                  (no barding)
Stlth    ..........             m - amulet of faith
HPRegen  0.15/turn              E - +3 ring of strength
MPRegen  0.09/turn              (no ring)

@: slowed
A: large, hooves 3, deformed body, speed 2, tough skin 3
a: no special abilities


You were in an ossuary.
You were not hungry.

You visited 1 branch of the dungeon, and saw 4 of its levels.
You also visited: Ossuary.

You collected 134 gold pieces.

Inventory:

Hand Weapons
 a - a +2 shortbow
 b - a +0 morningstar (weapon)
 c - a +0 short sword
 y - a +0 flail
 B - a +0 mace
 D - a +0 broad axe
Missiles
 d - 65 arrows
Armour
 n - a +2 pair of gloves (worn)
 r - a +0 scale mail
 C - a +0 chain mail (worn)
Jewellery
 m - an amulet of faith (around neck)
 E - a +3 ring of strength (left hand)
Wands
 z - a wand of disintegration (15)
Scrolls
 h - 3 scrolls of fear
 j - a scroll of remove curse
 q - 2 scrolls of amnesia
Potions
 e - a potion of flight {unknown}
 g - 5 potions of curing
 k - a potion of heal wounds {unknown}
 o - a potion of ambrosia {unknown}
 p - 2 potions of lignification
 t - a potion of magic {unknown}
 w - a potion of might {unknown}
 A - a potion of mutation {unknown}
Comestibles
 f - 2 bread rations
 i - 5 fruits
 l - a meat ration


   Skills:
 + Level 3.7 Fighting
 * Level 8.1 Bows
 - Level 1.3 Dodging
 - Level 0.4 Stealth


You had 4 spell levels left.
You didn't know any spells.

Dungeon Overview and Level Annotations

Branches:
Dungeon (4/15)
 Temple: D:4-7

Altars:

Annotations:
D:2 Sigmund
D:4 Gerstahl's ghost, amateur DsMo


Innate Abilities, Weirdness & Mutations

You have hooves in place of feet.
Armour fits poorly on your strangely shaped body.
You cover ground very quickly.
You have extremely tough skin. (AC +3)


Message History

The wraith is moderately damaged.
The wraith hits you. The wraith drains your vigour!
You feel as though you will be slow longer.
The wraith hits you. The wraith drains your vigour!
You feel as though you will be slow longer.
You closely miss the wraith. Your kick misses the wraith.
The wraith is moderately damaged.
The wraith hits you! The wraith drains your vigour!
You feel as though you will be slow longer.
The wraith hits you!
* * * LOW HITPOINT WARNING * * *
The wraith drains your vigour!
You feel as though you will be slow longer.
The wraith hits you.
* * * LOW HITPOINT WARNING * * *
The wraith drains your vigour!
You feel as though you will be slow longer.
All of the chunks of flesh in your inventory have rotted away.
The wraith hits you!
You die...

########################
#.......................
#.∩.....................
#.......#####+#####.....
#......##.... ....##....
#.....##...#####...##...
#....##...##...##...##..
#....#...##.!??.##...#..
#....+.@.#..!!!!.#...'..
#....#..W##.!!?.##...#..
#....##...##...##...##..
#.....##...##'##...##...
#......##.........##....
#.......#####+#####.....
#.∩.....................
#.......................
############'''#########


You could see a wraith.

Vanquished Creatures
  Jessica (D:3)
  Ijyb (D:3)
  A mummy (Ossuary)
  5 adders
  5 worms
  2 dart slugs (D:1)
  4 leopard geckos
  4 orcs (D:3)
  2 giant cockroaches
  9 hobgoblins
  3 jackals (D:1)
  5 kobolds
  A quokka (D:3)
  3 ball pythons
  11 bats
  7 frilled lizards
  4 gnoll skeletons (Ossuary)
  4 goblins
  7 kobold skeletons (Ossuary)
  14 orc skeletons (Ossuary)
  4 rats
97 creatures vanquished.

Notes
Turn   | Place    | Note
-------+----------+-------------------------------------------
     0 | D:1      | tilp the Centaur Hunter began the quest for the Orb.
     0 | D:1      | Reached XP level 1. HP: 17/17 MP: 1/1
   498 | D:1      | Reached XP level 2. HP: 7/24 MP: 2/2
   907 | D:1      | Reached skill level 6 in Bows
  1059 | D:1      | Reached XP level 3. HP: 27/30 MP: 3/3
  1569 | D:2      | Noticed Sigmund
  1887 | D:2      | Reached XP level 4. HP: 37/37 MP: 4/4
  2260 | D:2      | Reached skill level 7 in Bows
  2731 | D:3      | Noticed Ijyb
  2759 | D:3      | Killed Ijyb
  2759 | D:3      | Reached XP level 5. HP: 13/45 MP: 5/5
  3200 | D:3      | Noticed Jessica
  3203 | D:3      | Killed Jessica
  3348 | D:4      | Noticed Gerstahl's ghost (amateur DsMo)
  3466 | D:4      | Found a sand-covered staircase.
  3476 | Ossuary  | Entered an ossuary
  3476 | Ossuary  | Noticed a wraith
  3476 | Ossuary  | Noticed a wraith
  3476 | Ossuary  | Noticed a wraith
  3513 | Ossuary  | Reached skill level 8 in Bows
  3706 | Ossuary  | Noticed a wraith
  3721 | Ossuary  | Slain by a wraith

Vault maps used:
D:1:      shiori_arrival_maze
D:2:      uniq_sigmund
D:3:      corexii_hall_statues_i, uniq_jessica, uniq_ijyb
D:4:      gammafunk_steamed_eel, marbit_many_paths, first_bread,
          lightli_ossuary_entry_decrepit_ruins
Ossuary:  ossuary_due_mausoleum

Skill      XL: |  1  2  3  4  5 |
---------------+----------------+-----
Bows           | 6 7 8 |  8.1
Fighting       | 3 |  3.7
Dodging        | |  1.3
Stealth        | |  0.4

Action                   |  1- 3 |  4- 6 || total
-------------------------+-------+-------++-------
Melee: Short sword       |    76 |       ||    76
       Kick              |    17 |    14 ||    31
       Mace              |    15 |    50 ||    65
       Morningstar       |       |    21 ||    21
       Broad axe         |       |    13 ||    13
 Fire: Shortbow          |    26 |    90 ||   116
  Use: Scroll            |     1 |     8 ||     9
  Eat: Chunk             |     2 |     5 ||     7
Armor: Leather armour    |    31 |       ||    31
       Scale mail        |     6 |    46 ||    52
       Ring mail         |     6 |       ||     6
       Chain mail        |       |    32 ||    32
Dodge: Dodged            |    48 |    36 ||    84

Table legend:
 A = Spawn XP
 B = Non-spawn XP
 C = Spawn XP percentage of total XP
 D = Spawn monster count
 E = Non-spawn monster count
 F = Spawn count percentage of total count
 G = Total turns spent on level
                    A         B        C        D         E        F      G
               +---------+---------+-------+---------+---------+-------+---------
         Total |       0 |     315 |   0.0 |       0 |      97 |   0.0 |  3721
               +---------+---------+-------+---------+---------+-------+---------
           D:1 |       0 |      49 |   0.0 |       0 |      27 |   0.0 |  1354
           D:2 |       0 |      79 |   0.0 |       0 |      20 |   0.0 |  1047
           D:3 |       0 |     124 |   0.0 |       0 |      20 |   0.0 |   921
           D:4 |       0 |      20 |   0.0 |       0 |       4 |   0.0 |   154
       Ossuary |       0 |      43 |   0.0 |       0 |      26 |   0.0 |   245
               +---------+---------+-------+---------+---------+-------+---------
